[Event "Hull 4NCL GM Tournament"]
[Site "Hull University, Hull, UK"]
[Date "2021.10.31"]
[Round "9.5"]
[White "Clarke, Brandon G I"]
[Black "Murphy, Conor E"]
[Result "1/2-1/2"]
[TimeControl "90+30"]
[WhiteElo "2442"]
[BlackElo "2428"]

1. e4 e5 2. Nf3 Nc6 3. Bb5 Nf6 4. O-O Nxe4 5. d4 Nd6 6. Bxc6 dxc6 7. dxe5 Nf5 8. Qxd8+ Kxd8 9. h3 Be7 10.
Nc3 Nh4 11. Nd4 Nf5 12. Nde2 h5 13. Ne4 a5 14. a4 b6 15. b3 Bd7 16. Re1 Kc8 17. Bg5 Re8 18. Nf4 Bf8 19. Nxh5 Rxe5 20.
Bf4 Rd5 21. Rad1 Nd4 22. c4 Ne2+ 23. Kf1 Rxd1 24. Rxd1 Nxf4 25. Nxf4 b5 26. cxb5 cxb5 27. axb5 a4 28. bxa4 Rxa4 29.
f3 Bxb5+ 30. Kf2 Bc6 31. Nd5 Ra2+ 32. Kg1 f5 33. Ng5 Bc5+ 34. Kh1 Rc2 35. Ne6 Bxd5 36. Rxd5 Bd6 37. g4 Rc1+ 1/2-1/2